 Dungeon Crawl Stone Soup version 0.21.1 (webtiles) character file.

175 RUZZLEFAZAZZLE the Chopper (level 5, -1/46 HPs)
             Began as a Draconian Berserker on Feb 5, 2018.
             Was a Believer of Trog.
             Killed by nerve-wracking pain
             ... invoked by Grinder
              (11 damage)
             ... on level 3 of the Dungeon.
             The game lasted 00:10:16 (2696 turns).

RUZZLEFAZAZZLE the Chopper (Draconian Berserker)    Turns: 2696, Time: 00:10:17

Health: -1/46      AC:  9    Str: 17 (19) XL:     5   Next: 29%
Magic:  0/5        EV: 13    Int:  6 (8)  God:    Trog [**....]
Gold:   133        SH:  0    Dex: 10 (11) Spells: 4/4 levels left

rFire    . . .     SeeInvis .   a - +0 hand axe
rCold    . . .     Gourm    .   (no shield)
rNeg     . . .     Faith    .   (armour unavailable)
rPois    .         Spirit   +   (helmet restricted)
rElec    .         Reflect  .   m - scarf {Spirit}
rCorr    .         Harm     .   (no gloves)
MR       .....                  (no boots)
Stlth    ..........             (no amulet)
HPRegen  0.15/turn              i - ring of loudness (curse)
MPRegen  0.09/turn              n - +4 ring of protection

@: berserk cooldown, slowed, very slow
A: unfitting armour, cold-blooded, AC +5
a: Berserk, Trog's Hand, Burn Spellbooks, Renounce Religion


You were on level 3 of the Dungeon.
You worshipped Trog.
Trog was pleased with you.
You were not hungry.

You visited 1 branch of the dungeon, and saw 3 of its levels.

You collected 133 gold pieces.

Inventory:

Hand Weapons
 a - a +0 hand axe (weapon)
 o - a +0 war axe
Armour
 m - a scarf of spirit shield (worn)
Jewellery
 i - a cursed ring of loudness (left hand)
 n - a +4 ring of protection (right hand)
Scrolls
 c - 2 scrolls of remove curse {unknown}
 d - a scroll of blinking {unknown}
 f - a scroll of enchant weapon {unknown}
 j - a scroll of immolation {unknown}
 k - 2 scrolls of teleportation {unknown}
 l - a scroll of identify
Potions
 e - 2 potions of magic
 p - a potion of curing {unknown}
Comestibles
 b - 4 rations
 h - 5 chunks of flesh


   Skills:
 + Level 4.0 Fighting
 + Level 4.8 Axes
 + Level 3.5 Dodging
 + Level 1.0 Stealth


You had 4 spell levels left.
You didn't know any spells.

Dungeon Overview and Level Annotations

Branches:
Dungeon (3/15)

Altars:

Annotations:
D:3 Grinder


Innate Abilities, Weirdness & Mutations

Your plain brown scales are hard. (AC +5)
You cannot fit into any form of body armour.
You are cold-blooded and may be slowed by cold attacks.


Message History

Grinder is severely wounded.
Grinder barely misses you. Grinder gestures at you.
You suddenly lose the ability to move!
Grinder barely misses you. Grinder gestures at you.
You resist with significant effort. Grinder hits you!
Grinder hits you but does no damage. Grinder hits you but does no damage.
Grinder hits you!
* * * LOW HITPOINT WARNING * * *
You writhe in agony.
* * * LOW HITPOINT WARNING * * *
You can move again.
You hit Grinder.
Grinder is almost dead.
Grinder gestures at you. Pain shoots through your body!
You die...

# #........# #. #.##.....
#.##.#....####.# #
###..............#
#.#...........### ...
.#....5...# #.
....#.##.###.## ##.
.#.##.##.##...# ..
.#.5@)...##...# #
##.#.#.##.#####...#
#.##.........# #..5######
#.....##.##.# #........##
#..#.##.##.#####...####.##
#......##................
##.......................
#........................
#.##.###########...####.##


You could see Grinder.

Vanquished Creatures
  Jessica (D:2)
  Terence (D:3)
  Robin (D:2)
  3 adders
  2 dart slugs
  3 leopard geckos
  An orc (D:3)
  A ball python (D:1)
  2 giant cockroaches
  19 goblins
  13 hobgoblins
  4 jackals (D:2)
  9 bats
  4 frilled lizards
  4 kobolds
  5 rats
73 creatures vanquished.

Notes
Turn   | Place    | Note
-------+----------+-------------------------------------------
     0 | D:1      | RUZZLEFAZAZZLE the Draconian Berserker began the quest for the Orb.
     0 | D:1      | Reached XP level 1. HP: 19/19 MP: 1/1
   313 | D:1      | Reached XP level 2. HP: 26/26 MP: 2/2
   910 | D:1      | Reached XP level 3. HP: 31/31 MP: 3/3
  1342 | D:2      | Noticed Jessica
  1356 | D:2      | HP: 1/31 [Jessica/club (3)]
  1656 | D:2      | Killed Jessica
  1818 | D:2      | Reached XP level 4. HP: 39/40 MP: 4/4
  1868 | D:2      | Reached ** piety under Trog
  2056 | D:2      | Noticed Robin
  2072 | D:2      | Killed Robin
  2606 | D:3      | Reached skill level 1 in Stealth
  2606 | D:3      | Reached XP level 5. HP: 33/46 MP: 5/5
  2629 | D:3      | Noticed Grinder
  2652 | D:3      | Noticed Terence
  2676 | D:3      | Killed Terence
  2681 | D:3      | Paralysed by Grinder for 6 turns
  2689 | D:3      | Paralysed by Grinder for 7 turns
  2696 | D:3      | Killed from afar by Grinder

Skill      XL: |  1  2  3  4 |
---------------+-------------+-----
Dodging        | 3 |  3.5
Axes           | 4 |  4.8
Fighting       | 4 |  4.0
Stealth        | 1 |  1.0

Action                   |  1- 3 |  4- 6 || total
-------------------------+-------+-------++-------
Melee: Hand axe          |   106 |   111 ||   217
       Tailslap          |    10 |    15 ||    25
Invok: Berserk           |       |     3 ||     3
  Use: Scroll            |     1 |       ||     1
       Potion            |     2 |     1 ||     3
  Eat: Chunk             |     3 |     5 ||     8
Armor: Skin              |    23 |    36 ||    59
Dodge: Dodged            |    75 |    75 ||   150
